 Dungeon Crawl Stone Soup version 0.31-a0-702-gf82c85558f (webtiles) character file.

Game seed: 15709327190008254965

32 qw the Shooter (level 3, -4/22 HPs)
             Began as a Gargoyle Hunter on Sept 8, 2023.
             Slain by a scorpion (6 damage)
             ... on level 2 of the Dungeon.
             The game lasted 00:00:21 (1266 turns).

qw the Shooter (Gargoyle Hunter)                    Turns: 1266, Time: 00:00:22

Health: -4/22      AC:  7    Str: 14    XL:     3   Next: 25%
Magic:  3/3        EV: 11    Int:  9    God:
Gold:   63         SH:  0    Dex: 15    Spells: 2/2 levels left

rFire   . . .        Y - +1 shortbow
rCold   . . .        (shield currently unavailable)
rNeg    + . .        c - +0 leather armour
rPois   inf          (no helmet)
rElec   +            (no cloak)
rCorr   .            (no gloves)
SInv    .            g - +0 pair of boots
Will    .....        (no amulet)
Stlth   ++           (no ring)
HPRegen 0.23/turn    (no ring)
MPRegen 0.08/turn

%: no passive effects
@: no status effects
A: sickness immunity, AC +3, negative energy resistance 1, electricity
resistance, torment resistance 1, petrification resistance
a: no special abilities


You were on level 2 of the Dungeon.
You visited 1 branch of the dungeon, and saw 2 of its levels.

You collected 63 gold pieces.


Innate Abilities, Weirdness & Mutations

You are immune to sickness and miasma.
Your stone body is resilient. (AC +3)
You are immune to poison.
You resist negative energy. (rN+)
You are resistant to electric shocks. (rElec)
You are resistant to unholy torment.
You are immune to petrification.


   Skills:
 + Level 2.3 Fighting
 - Level 5.0 Ranged Weapons
 - Level 1.5 Dodging
 - Level 1.1 Stealth


You had 2 spell levels left.
You didn't know any spells.
Your spell library was empty.

Inventory:

Hand Weapons
 Y - a +1 shortbow (weapon)
Armour
 c - a +0 leather armour (worn)
 e - a +0 ring mail
 g - a +0 pair of boots (worn)
Jewellery
 d - a ring of fire
 h - a ring of see invisible
Scrolls
 a - a scroll of silence {unknown}
 b - a scroll of vulnerability {unknown}
Potions
 f - a potion of curing {unknown}

Dungeon Overview and Level Annotations

Branches:
Dungeon (2/15)

Altars:


Message History

The scorpion stings you but does no damage.
The scorpion stings you.
You shoot an arrow.
The arrow hits the scorpion but does no damage.
The scorpion is moderately wounded.
The scorpion barely misses you.
You shoot an arrow. The arrow hits the scorpion.
The scorpion is moderately wounded.
The scorpion stings you but does no damage.
The scorpion misses you.
You shoot an arrow.
The arrow hits the scorpion but does no damage.
The scorpion is moderately wounded.
The scorpion misses you.
You shoot an arrow. The arrow closely misses the scorpion.
The scorpion stings you.
You shoot an arrow.
The arrow hits the scorpion but does no damage.
The scorpion is moderately wounded.
The scorpion completely misses you. The scorpion barely misses you.
You shoot an arrow. The arrow barely misses the scorpion.
The scorpion stings you.
You shoot an arrow.
The arrow completely misses the scorpion.
The scorpion stings you.
The scorpion stings you but does no damage.
You shoot an arrow. The arrow barely misses the scorpion.
The scorpion stings you.
You shoot an arrow.
The arrow hits the scorpion but does no damage.
The scorpion is moderately wounded.
The scorpion closely misses you. The scorpion barely misses you.
You shoot an arrow.
The arrow hits the scorpion but does no damage.
The scorpion is moderately wounded.
The scorpion stings you.
You shoot an arrow. The arrow hits the scorpion!
The scorpion is severely wounded.
The scorpion stings you.
You die...

#....##.......
#..<.##....... #
#....##....... #.
####....# .......
#.#+##.###.######.....
#.............##......
#.............##......
#.............##......
#....@s###+#####%.....
#..!..................
#......#....##.#......
#......#....##.#......
#.#.##.# .........####
#.#? #.# .#.##.##.####
# #. ... .#.##.##.....
#. .##.#.##.##..... )
............


You could see a scorpion.

Vanquished Creatures
  A dart slug (D:1)
  4 ball pythons
  3 endoplasms
  3 hobgoblins
  2 jackals (D:1)
  3 quokkas
  4 frilled lizards
  2 goblins (D:1)
  2 kobolds
  3 rats
27 creatures vanquished.

Notes
Turn   | Place    | Note
-------+----------+-------------------------------------------
     0 | D:1      | qw the Gargoyle Hunter began the quest for the Orb.
     0 | D:1      | Reached XP level 1. HP: 12/12 MP: 1/1
     0 | D:1      | 0 ||| qw: Version: 0.3-a-76-g4403597
     0 | D:1      | 0 ||| qw: Game counter: 1206
     0 | D:1      | 0 ||| qw: Melee chars always use a shield: true
     0 | D:1      | 0 ||| qw: God list: Okawaru
     0 | D:1      | 0 ||| qw: Allow faded altars: false
     0 | D:1      | 0 ||| qw: Do Orc after clearing Dungeon:15 true
     0 | D:1      | 0 ||| qw: Do second Lair branch before Depths: true
     0 | D:1      | 0 ||| qw: Lair rune preference: random
     0 | D:1      | 0 ||| qw: Goals: Normal
     0 | D:1      | 0 ||| PLANNING D:1-11
   288 | D:1      | Found a faded altar of an unknown god.
   295 | D:1      | Reached XP level 2. HP: 17/17 MP: 2/2
   830 | D:1      | Reached XP level 3. HP: 21/21 MP: 3/3
   928 | D:1      | 928 ||| UPGRADING to +0 pair of boots.
   933 | D:1      | 933 ||| READING scroll labelled IKIAKHL IBREDI.
   934 | D:1      | 934 ||| DROPPING scroll of butterflies.
  1093 | D:2      | Reached skill level 5 in Ranged Weapons
  1243 | D:2      | Noticed a scorpion
  1262 | D:2      | HP: 5/22 [scorpion (2)]
  1265 | D:2      | HP: 1/22 [scorpion (3)]
  1266 | D:2      | Slain by a scorpion

Levels and vault maps discovered:
D:1:      wander_arrival_desolate, layout_basic, ebering_ecumenical_altar_webs
D:2:      layout_basic

Skill      XL: |  1  2  3 |
---------------+----------+-----
Ranged Weapons | 5 |  5.0
Fighting       | |  2.3
Dodging        | |  1.5
Stealth        | |  1.1

Action                     || total
---------------------------++-------
   Fire: Shortbow          ||    81
    Use: Scroll            ||     1
 Armour: Leather armour    ||    23
  Dodge: Dodged            ||    15

Table legend:
 A = Non-vault XP
 B = Vault XP
 C = Vault XP percentage of total XP
 D = Non-vault monster count
 E = Vault monster count
 F = Vault count percentage of total count
                 A         B        C        D         E       F
            +---------+---------+-------+---------+---------+-------
      Total |      46 |       0 |   0.0 |      27 |       0 |   0.0
            +---------+---------+-------+---------+---------+-------
        D:1 |      34 |       0 |   0.0 |      19 |       0 |   0.0
        D:2 |      12 |       0 |   0.0 |       8 |       0 |   0.0
            +---------+---------+-------+---------+---------+-------
